 Dungeon Crawl Stone Soup version 0.29-a0-557-g43b9904bd1 (webtiles) character file.

Game seed: 10708597562722319133

56 MylesGorder the Firebug (level 3, 0/28 HPs)
             Began as a Draconian Fire Elementalist on June 8, 2022.
             Slain by a jackal (3 damage)
             ... on level 2 of the Dungeon.
             The game lasted 00:08:09 (2307 turns).

MylesGorder the Firebug (DrFE)                      Turns: 2307, Time: 00:08:10

Health: 0/28       AC:  6    Str: 10    XL:     3   Next: 71%
Magic:  7/7        EV: 12    Int: 17    God:
Gold:   70         SH:  0    Dex: 11    Spells: 4/7 levels left

rFire   + . .      SeeInvis .   (no weapon)
rCold   . . .      Faith    .   (no shield)
rNeg    . . .      Spirit   .   (body armour unavailable)
rPois   .          Reflect  .   (helmet restricted)
rElec   .          Harm     .   f - +0 cloak
rCorr   .          Rampage  .   (no gloves)
Will    .....                   (no boots)
Stlth   +.........              (no amulet)
HPRegen 0.09/turn               j - ring of protection from fire
MPRegen 0.10/turn               (no ring)

@: silenced
A: AC +5, unfitting armour, cold-blooded
a: no special abilities


You were on level 2 of the Dungeon.
You visited 1 branch of the dungeon, and saw 2 of its levels.

You collected 70 gold pieces.

Inventory:

Armour
 f - a +0 cloak (worn)
Jewellery
 j - a ring of protection from fire (left hand)
Scrolls
 g - a scroll of immolation {unknown}
Potions
 c - a potion of heal wounds {unknown}
 d - a potion of haste {unknown}
 e - 2 potions of flight {unknown}
 h - 2 potions of berserk rage {unknown}
 i - a potion of resistance {unknown}


   Skills:
 - Level 1.0 Fighting
 - Level 2.0 Dodging
 - Level 1.7 Stealth
 - Level 0.4 Unarmed Combat
 + Level 2.8 Spellcasting
 * Level 1.1 Conjurations
 + Level 3.6 Fire Magic


You had 4 spell levels left.
You knew the following spells:

 Your Spells              Type           Power      Damage    Failure   Level
a - Foxfire               Conj/Fire      40%        2x1d6     7%          1
b - Scorch                Fire           28%        2d6       6%          2

Your spell library contained the following spells:

 Spells                   Type           Power      Damage    Failure   Level
 Conjure Flame            Conj/Fire      10%        6-21      21%         3
 Inner Flame              Hex/Fire       8%         N/A       26%         3
 Flame Wave               Conj/Fire      10%        2d5       54%         4


Dungeon Overview and Level Annotations

Branches:
Dungeon (2/15)

Altars:


Innate Abilities, Weirdness & Mutations

Your plain brown scales are hard. (AC +5)
You cannot fit into any form of body armour.
You are cold-blooded and may be slowed by cold attacks.


Message History

The jackal bites you but does no damage.
The jackal attacks as you move away!
The jackal bites you but does no damage.
The jackal bites you but does no damage.
The jackal bites you but does no damage.
The jackal attacks as you move away!
The jackal bites you but does no damage.
The jackal attacks as you move away! The jackal bites you.
The jackal attacks as you move away! The jackal bites you.
The jackal bites you but does no damage.
The jackal closely misses you. The jackal misses you.
Things that are here:
a +0 dagger; a jackal skeleton; a jackal skeleton
Casting: Scorch (safe; 6% risk of failure)
Confirm with . or Enter, or press ? or * to list all spells.
Flames lash the jackal.
You kill the jackal!
The jackal barely misses you.
Casting: Scorch (safe; 6% risk of failure)
Confirm with . or Enter, or press ? or * to list all spells.
You don't have enough magic to cast this spell.
You hit the jackal but do no damage.
The jackal is moderately wounded.
The jackal closely misses you.
The gnoll hits you from afar with a +0 spear.
You hit the jackal.
The jackal is severely wounded.
The jackal bites you but does no damage.
The gnoll hits you from afar with a +0 spear.
* * * LOW HITPOINT WARNING * * *
The jackal barely misses you. Magic courses through your body.
The jackal bites you.
* * * LOW HITPOINT WARNING * * *
The gnoll hits you from afar with a +0 spear.
* * * LOW HITPOINT WARNING * * *
As you read the scroll labelled ELUNIDDAUKH, it crumbles to dust.
A profound silence engulfs you.
It was a scroll of silence.
The jackal bites you.
You die...

######### #.......#
#######.......# ####
#.............#######
...#########.#####..............
........†.>.....@hg.........#
##.########...####.......#..#
##.########...####..........#####
##......÷.)......................
###.#.###.#.#.#####.#.###........
# #.#.##.###......#...#######....
###.#...#.#..................####
.............#..#.##..####...#
##...#...#.##.##......# #...#+#+


You could see a gnoll and a jackal.

Vanquished Creatures
  An adder (D:2)
  2 worms (D:2)
  6 endoplasms
  2 giant cockroaches
  3 goblins
  5 hobgoblins (D:1)
  4 jackals (D:2)
  A quokka (D:1)
  A ball python (D:1)
  2 bats
  4 frilled lizards
  5 kobolds
  4 rats
40 creatures vanquished.

Vanquished Creatures (collateral kills)
  2 foxfires (D:2)
2 creatures vanquished.

Vanquished Creatures (others)
  20 foxfires
  A plant (D:1)
21 creatures vanquished.

Grand Total: 63 creatures vanquished

Notes
Turn   | Place    | Note
-------+----------+-------------------------------------------
     0 | D:1      | MylesGorder the Draconian Fire Elementalist began the quest
                  | for the Orb.
     0 | D:1      | Reached XP level 1. HP: 14/14 MP: 3/3
   305 | D:1      | Reached XP level 2. HP: 8/20 MP: 1/5
   494 | D:1      | Learned a level 2 spell: Scorch
  1703 | D:2      | Reached XP level 3. HP: 20/27 MP: 1/6
  2179 | D:2      | Reached skill level 1 in Fighting
  2261 | D:2      | Found a faded altar of an unknown god.
  2307 | D:2      | Slain by a jackal

Illustrated notes

Levels and vault maps discovered:
D:1:      lightli_arrival_flooded_house, layout_loops_ring, serial_forest,
          infiniplex_forest_end_3, infiniplex_forest_clump_tiny,
          infiniplex_forest_zigzag_1, infiniplex_forest_lined_room_
D:2:      layout_loops_ring, basic_ecumenical_altar, grunt_decor_one_mirror,
          cheibrodos_gnoll_hut

Skill      XL: |  1  2  3 |
---------------+----------+-----
Dodging        | 2 |  2.0
Fighting       | 1 |  1.0
Stealth        | |  1.7
Unarmed Combat | |  0.4
Spellcasting   | |  2.8
Conjurations   | |  1.1
Fire Magic     | |  3.6

Action                   || total
-------------------------++-------
Melee: Unarmed           ||    66
       Tailslap          ||    11
       Punch             ||     1
 Cast: Foxfire           ||    22
       Scorch            ||    34
  Use: Scroll            ||     1
       Potion            ||     1
Armor: Skin              ||    55
Dodge: Dodged            ||    66

Table legend: (Time is in decaauts)
 A = Elapsed time spent in this place.
 B = Non-inter-level travel time spent in this place.
 C = Inter-level travel time spent in this place.
 D = Time resting spent in this place.
 E = Time spent auto-exploring this place.
 F = Levels seen in this place.
 G = Mean time per level.
                   A        B        C        D        E       F      G
               +--------+--------+--------+--------+--------+-----+--------+
         Total |   2306 |   2258 |     48 |    421 |   1424 |   2 | 1153.0 |
       Dungeon |   2306 |   2258 |     48 |    421 |   1424 |   2 | 1153.0 |
               +--------+--------+--------+--------+--------+-----+--------+

Top non-repeatable levels by time:
     D:1: 1630 daAuts
     D:2: 676 daAuts
